 Dungeon Crawl Stone Soup version 0.14-a0-1097-gc7db7fc (webtiles) character file.

1415 MackTheKnife the Martial Artist (level 8, 0/63 HPs)
             Began as a Yellow Draconian Monk on Nov 27, 2013.
             Was a Believer of Okawaru.
             Slain by an orc warrior
             ... wielding a -1,+1 orcish hand axe
              (14 damage)
             ... on Level 5 of the Dungeon.
             The game lasted 00:12:01 (5511 turns).

MackTheKnife the Martial Artist (DrMo)              Turns: 5511, Time: 00:12:01

HP   0/63        AC  7     Str 11      XL: 8   Next: 18%
MP   6/7         EV 21     Int 10 (11) God: Okawaru [**....]
Gold 239         SH  0     Dex 18      Spells:  0 memorised,  7 levels left

rFire  . . .     SeeInvis .       - Unarmed
rCold  + . .     Clarity  .     (armour unavailable)
rNeg   + . .     Conserve .     (no shield)
rPois  .         rCorr    +     (helmet restricted)
rElec  .         rRot     .     (no cloak)
SustAb . .       Spirit   .     (no gloves)
rMut   .         Warding  +     o - +0 pair of boots
Saprov . . .     Stasis   .     l - cursed amulet of Ghixkeg {Ward +Fly rC+}
                                (no ring)
                                (no ring)

@: short of breath, heroism, slightly resistant to hostile enchantments, quite
stealthy
A: spit acid, acid resistance, unfitting armour, antennae 1, agile 1, weak 1, AC
+6
a: Spit Acid, Heroism, Renounce Religion, Evoke Flight


You were on level 5 of the Dungeon.
You worshipped Okawaru.
Okawaru was pleased with you.
You were hungry.

You visited 1 branch of the dungeon, and saw 6 of its levels.

You collected 239 gold pieces.


Innate Abilities, Weirdness & Mutations

You can spit globs of acid.
You can corrode armour when you spit acid.
You are resistant to acid.
Your golden yellow scales are hard (AC +6).
Your body does not fit into most forms of armour.
Your cold-blooded metabolism reacts poorly to cold.
You have a pair of small antennae on your head.
You are agile. (Dex +2)
You are weak. (Str -2)


   Skills:
 - Level 3.3(8.3) Fighting
 + Level 6.8(11.8) Dodging
 - Level 1.7(6.7) Stealth
 - Level 8.0(13.0) Unarmed Combat


You had 7 spell levels left.
You didn't know any spells.

Inventory:

Hand weapons
 r - a +0 blowgun
Missiles
 w - 5 curare-tipped needles
Armour
 o - a +0 pair of boots (worn)
Magical devices
 c - a wand of digging (9)
 p - a wand of frost (10)
Comestibles
 a - 2 apples
 b - 3 bread rations
 g - 10 sultanas
 h - 2 meat rations
 m - a choko
 t - a cheese
 u - a pear
Scrolls
 f - 6 scrolls of identify
 j - a scroll of remove curse {unknown}
 n - 2 scrolls of magic mapping
Jewellery
 i - an uncursed amulet of conservation
 l - the cursed amulet of Ghixkeg (around neck) {Ward +Fly rC+}
   (You found it on level 5 of the Dungeon)

   [amulet of warding]

   It protects you from cold.
   It lets you fly.
   It has a curse placed upon it.
 v - an uncursed amulet of rage

▒·····▒ ▒(▒····· ▒·····▒
▒·▒···▒▒
▒▒▒▒▒▒·····▒▒▒▒▒▒▒▒▒·▒▒·▒▒▒
▒··························
▒··························
▒··(·······▒▒·▒▒▒▒▒▒·▒▒·▒▒▒
▒·····▒▒·▒·▒▒·▒▒········▒▒▒
▒·····o··o········!········
▒···>·▒▒·▒d▒▒·▒▒········>··
▒···o·▒▒·▒·············▒▒▒▒
▒·····▒▒·▒▒▒▒·▒▒·······▒ ▒
▒▒▒▒▒▒▒▒·▒ ▒·▒▒▒▒·▒·▒▒▒▒ ▒
▒·▒ ▒▒·▒▒▒▒·▒····▒ ▒ ▒·▒
▒·····▒·▒····▒▒▒ ▒·▒
▒··············) ▒·▒
▒·····▒·▒····▒▒▒ ▒·▒
▒·····▒·▒····▒ ▒


You could see an orc warrior and an orc priest.


Message History

There is a stone staircase leading up here.
The orc priest calls down the wrath of Beogh upon you.
Pain shoots through your body!
* * * LOW HITPOINT WARNING * * *
The orc warrior completely misses you.
You climb upwards.
There is a stone staircase leading down here.
Drink which item? (? for menu, Esc to quit)
Okay, then.
The orc priest hits you but does no damage.
You hit the orc priest.
The orc priest is moderately wounded.
The orc priest hits you but does no damage.
The orc priest looks braver.
The orc priest becomes somewhat translucent.
Read which item? (? for menu, Esc to quit)
Okay, then.
Drink which item? (? for menu, Esc to quit)
There was something very wrong with that liquid!
You feel dopey.
It was a potion of degeneration.
The orc warrior hits you with an orcish hand axe.
* * * LOW HITPOINT WARNING * * *
Use which ability? (? or * to list)
Aim: an orc priest, wielding an orcish mace (moderately wounded)
You spit a glob of acid.
The acid hits the orc warrior.
The orc warrior appears unharmed.
You are feeling hungry.
The orc warrior hits you with an orcish hand axe!
You die...

Action                   |  1- 3 |  4- 6 |  7- 9 || total
-------------------------+-------+-------+-------++-------
Melee: Unarmed           |   125 |   197 |   216 ||   538
Invok: Heroism           |       |       |     1 ||     1
 Abil: Evoke Berserk Rag |       |     2 |     1 ||     3
       Spit Acid         |       |       |    12 ||    12
Evoke: Wand              |     1 |     6 |       ||     7
  Use: Potion            |     2 |     4 |     3 ||     9
       Scroll            |     2 |     6 |     6 ||    14
 Stab: Sleeping          |     3 |     2 |     2 ||     7
       Distracted        |     1 |     1 |       ||     2

Vault maps used:
D:1:      sevenhm_entry_forest_fort_small_6
D:2:      nicolae_overflow_hidden_temple
D:3:      first_bread, uniq_purgy
D:4:      okawaru_altar_gauntlet_db, uniq_sigmund, uniq_eustachio
D:6:      lemuel_blue_sif_altar, elyvilon_altar_3, grunt_decor_clamped

Notes
Turn   | Place    | Note
--------------------------------------------------------------
     0 | D:1      | MackTheKnife, the Draconian Monk, began the quest for the Orb.
     0 | D:1      | Reached XP level 1. HP: 17/17 MP: 0/0
   407 | D:1      | Reached XP level 2. HP: 24/24 MP: 1/1
   483 | D:1      | Found an ancient bone altar of Kikubaaqudgha.
   574 | D:1      | Gained mutation: You have a pair of small antennae on your head. [potion of mutation]
   574 | D:1      | Gained mutation: You are weak. (Str -2) [potion of mutation]
   574 | D:1      | Gained mutation: You are agile. (Dex +2) [potion of mutation]
   999 | D:2      | Reached XP level 3. HP: 17/30 MP: 2/2
  1008 | D:2      | Reached skill level 5 in Unarmed Combat
  1803 | D:3      | Reached XP level 4. HP: 37/37 MP: 3/3
  2045 | D:3      | Reached skill level 6 in Unarmed Combat
  2375 | D:3      | Noticed Purgy
  2390 | D:3      | Killed Purgy
  2390 | D:3      | Reached skill level 7 in Unarmed Combat
  2390 | D:3      | Reached XP level 5. HP: 44/44 MP: 4/4
  2506 | D:4      | Paralysed by a giant eyeball for 4 turns
  2668 | D:4      | Noticed Eustachio
  2777 | D:4      | Reached XP level 6. HP: 40/50 MP: 5/5
  3155 | D:4      | Noticed Sigmund
  3234 | D:4      | Killed Sigmund
  3234 | D:4      | Reached skill level 8 in Unarmed Combat
  3441 | D:4      | Found an iron altar of Okawaru.
  3471 | D:4      | Became a worshipper of Warmaster Okawaru
  3471 | D:4      | Acquired Okawaru's first power
  3541 | D:5      | Entered Level 5 of the Dungeon
  3548 | D:5      | Reached skill level 3 in Dodging
  3548 | D:5      | Your scales start taking on a golden yellow colour.
  3548 | D:5      | Reached XP level 7. HP: 34/56 MP: 6/6
  3724 | D:5      | Reached skill level 4 in Dodging
  3786 | D:5      | Got a glittering tin amulet
  3807 | D:5      | Identified the amulet of Ghixkeg {Ward +Fly rC+} (You found it on level 5 of the Dungeon)
  4283 | D:5      | Reached skill level 5 in Dodging
  4723 | D:6      | Reached skill level 6 in Dodging
  4747 | D:6      | Reached XP level 8. HP: 43/63 MP: 7/7
  4785 | D:6      | HP: 2/63 [orc priest/divine providence (15)]
  5159 | D:6      | Found a white marble altar of Elyvilon.
  5511 | D:5      | Slain by an orc warrior

Vanquished Creatures
  Purgy (D:3)
  A sky beast (D:5)
  2 centaurs (D:5)
  Sigmund (D:4)
  A crimson imp (D:4)
  A gnoll shaman (D:6)
  2 hounds (D:6)
  6 worker ants
  4 orc priests
  A scorpion (D:6)
  3 orc wizards
  5 adders
  A giant mite (D:2)
  5 gnolls (D:6)
  4 worms
  A giant eyeball (D:4)
  3 giant geckos
  An ooze (D:3)
  19 orcs
  2 ball pythons (D:2)
  3 giant cockroaches
  11 goblins
  11 hobgoblins
  7 jackals
  11 kobolds
  2 quokkas
  11 bats
  5 giant newts
  A hobgoblin skeleton (D:5)
  A kobold zombie (D:6)
  An orc zombie (D:5)
  A quokka zombie (D:6)
  14 rats
143 creatures vanquished.
